 Dungeon Crawl Stone Soup version 0.31-a0-133-gaae73658be (webtiles) character file.

Game seed: 11447071987232981057

2086 esaul the Carver (level 9, -4/69 HPs)
             Began as a Demonspawn Berserker on June 2, 2023.
             Was an Elder of Trog.
             Slain by a killer bee (7 damage)
             ... on level 7 of the Dungeon.
             The game lasted 01:05:45 (6647 turns).

esaul the Carver (Demonspawn Berserker)             Turns: 6647, Time: 01:05:45

Health: -4/69      AC: 13    Str: 22    XL:     9   Next: 6%
Magic:  9/9        EV:  9    Int:  8    God:    Trog [****..]
Gold:   368        SH:  0    Dex: 13    Spells: 4/8 levels left

rFire   . . .        v - +0 scimitar
rCold   . . .        E - orb {mayhem}
rNeg    . . .        j - +0 chain mail
rPois   .            l - +0 helmet
rElec   .            (no cloak)
rCorr   .            (no gloves)
SInv    .            (no boots)
Will    .....        (no amulet) Stlth
                     d - +4 ring of slaying
HPRegen 0.31/turn    C - +4 ring of slaying
MPRegen 0.11/turn

%: mayhem
@: lethally poisoned (-4 -> -15)
A: slimy green scales 1, powered by death 1, weakness stinger 2
a: Renounce Religion, Berserk, Trog's Hand, Brothers in Arms


You were on level 7 of the Dungeon.
You worshipped Trog.
Trog was greatly pleased with you.
You visited 1 branch of the dungeon, and saw 7 of its levels.
You also visited: Sewer and Ossuary.

You collected 368 gold pieces.

Inventory:

Hand Weapons
 v - a +0 scimitar (weapon)
 x - a +5 dagger of venom
Armour
 j - a +0 chain mail (worn)
 l - a +0 helmet (worn)
 E - an orb of mayhem (worn)
Jewellery
 d - a +4 ring of slaying (left hand)
 e - a ring of protection from fire
 u - a ring of resist corrosion
 w - an amulet of magic regeneration
 B - a +6 ring of intelligence
 C - a +4 ring of slaying (right hand)
Scrolls
 a - a scroll of butterflies {unknown}
 c - 7 scrolls of identify {unknown}
 f - 2 scrolls of immolation {unknown}
 k - a scroll of brand weapon {unknown}
 m - 2 scrolls of vulnerability {unknown}
 p - 3 scrolls of magic mapping {unknown}
 r - 2 scrolls of blinking
 y - 2 scrolls of amnesia {unknown}
 z - a scroll of teleportation {unknown}
 A - a scroll of enchant weapon {unknown}
 D - a scroll of fog {unknown}
Potions
 b - 5 potions of curing {unknown}
 g - 2 potions of brilliance {unknown}
 h - a potion of magic {unknown}
 i - a potion of degeneration {unknown}
 n - a potion of ambrosia {unknown}
 o - 3 potions of haste {unknown}
 q - a potion of might {unknown}
 s - a potion of resistance {unknown}
 t - a potion of cancellation {unknown}


   Skills:
 + Level 5.6 Fighting
 + Level 8.7 Long Blades
 + Level 5.1 Armour
 + Level 3.0 Dodging
 + Level 1.0 Stealth


You had 4 spell levels left.
You knew the following spells:

 Your Spells              Type           Power      Damage    Failure   Level
a - Summon Ice Beast      Ice/Summ       0%         N/A       100%        4

Your spell library contained the following spells:

 Spells                   Type           Power      Damage    Failure   Level
 Summon Mana Viper        Hex/Summ       0%         N/A       100%        5
 Monstrous Menagerie      Summ           0%         N/A       100%        7


Dungeon Overview and Level Annotations

Branches:
Dungeon (7/15)             Temple (0/1) D:6           Sewer (visited)
Ossuary (visited)

Altars:
Kikubaaqudgha

Shops:
D:1 [


Innate Abilities, Weirdness & Mutations

You are partially covered in slimy green scales. (AC +2)
You regenerate a little health from kills.
You have a tail ending in a sharp stinger.


Message History

The killer bee stings you.
You are more poisoned.
The killer bee poisons you!
The killer bee stings you but does no damage.
The killer bee closely misses you.
The killer bee stings you but does no damage.
The killer bee stings you! The killer bee completely misses you.
The killer bee stings you.
* * * LOW HITPOINT WARNING * * *
The killer bee stings you.
* * * LOW HITPOINT WARNING * * *
You miss the killer bee.
The killer bee is severely wounded.
* * * LOW HITPOINT WARNING * * *
You feel very sick. The killer bee closely misses you.
The killer bee stings you but does no damage. x2
The killer bee barely misses you. The killer bee completely misses you.
The killer bee barely misses you.
The killer bee stings you but does no damage. x2
You closely miss the killer bee.
The killer bee is severely wounded.
* * * LOW HITPOINT WARNING * * *
You feel very sick. The killer bee stings you.
* * * LOW HITPOINT WARNING * * *
The killer bee stings you but does no damage. x2
The killer bee barely misses you.
The killer bee stings you but does no damage. x2
The killer bee barely misses you.
The killer bee stings you but does no damage.
You slash the killer bee!
You kill the killer bee!
Trog accepts your kill.
* * * LOW HITPOINT WARNING * * *
You feel very sick.
The killer bee stings you but does no damage.
The killer bee misses you. The killer bee barely misses you.
The killer bee stings you!
You die...

.....>...# ?..
.........#P..P. P#.
.........#..~~♣..P.#
.........#..~~~~...#
#.......##P♣♣~~~..#
...........P.~~♣~P#
............♣♣~~..#
......y.y.♣..~~~♣.#
......y@...♣:P♣~P(#
............P.....#
...............P..#
##.........<......#
####....†.......##
##<.........##
#.......#####
##.####### #..#


You could see 3 killer bees.

Vanquished Creatures
  Eustachio (D:5)
  3 water moccasins
  A black bear (D:5)
  2 ice beasts
  3 ogres
  A phantom (D:6)
  2 bullfrogs (Sewer)
  A killer bee (D:7)
  A howler monkey (D:6)
  5 hounds
  A gnoll bouda (D:5)
  An orc priest (D:4)
  5 jellies
  2 sleepcaps (D:6)
  5 iguanas
  An orc wizard (D:5)
  A mummy (Ossuary)
  7 gnolls (D:5)
  6 adders
  An ufetubus (D:6)
  3 worms (D:2)
  A dart slug (D:2)
  11 orcs
  4 spectral bats (Ossuary)
  6 bats
  4 endoplasms
  11 giant cockroaches
  6 hobgoblins
  4 jackals (D:2)
  5 quokkas
  7 ball pythons
  4 bat simulacra (Ossuary)
  8 frilled lizards
  12 gnoll zombies (Ossuary)
  7 goblins
  3 goblin simulacra (Ossuary)
  3 goblin zombies (Ossuary)
  6 hobgoblin zombies (Ossuary)
  A jackal zombie (D:4)
  5 kobolds
  A kobold simulacrum (Ossuary)
  6 kobold zombies (Ossuary)
  3 orc zombies (Ossuary)
  6 rats
  7 rat simulacra (Ossuary)
  2 rat zombies (D:4)
  3 spectral goblins (Ossuary)
  4 spectral kobolds (Ossuary)
  3 spectral rats (Ossuary)
196 creatures vanquished.

Notes
Turn   | Place    | Note
-------+----------+-------------------------------------------
     0 | D:1      | esaul the Demonspawn Berserker began the quest for the Orb.
     0 | D:1      | Reached XP level 1. HP: 18/18 MP: 1/1
   101 | D:1      | Found Limik's Antique Armour Boutique.
   189 | D:1      | Gained mutation: You regenerate a little health from kills.
                  | [demonic ancestry]
   189 | D:1      | Reached XP level 2. HP: 24/24 MP: 2/2
   226 | D:1      | Reached skill level 3 in Long Blades
  1024 | D:2      | Reached XP level 3. HP: 27/29 MP: 3/3
  1483 | D:2      | Reached ** piety under Trog
  1838 | D:2      | Gained mutation: You have a small tail. [demonic ancestry]
  1838 | D:2      | Reached XP level 4. HP: 35/35 MP: 4/4
  2654 | D:4      | Reached skill level 4 in Long Blades
  2798 | D:4      | Reached XP level 5. HP: 41/41 MP: 5/5
  2923 | D:4      | Found a sand-covered staircase.
  2942 | Ossuary  | Entered an ossuary
  3034 | Ossuary  | Reached *** piety under Trog
  3230 | Ossuary  | Reached **** piety under Trog
  3439 | D:4      | Reached XP level 6. HP: 40/48 MP: 6/6
  4068 | D:5      | Entered Level 5 of the Dungeon
  4073 | D:5      | Noticed Eustachio
  4112 | D:5      | Killed Eustachio
  4113 | D:5      | Reached skill level 5 in Long Blades
  4333 | D:5      | Reached XP level 7. HP: 54/54 MP: 7/7
  4381 | D:5      | Reached skill level 6 in Long Blades
  4585 | D:5      | Found a glowing drain.
  4594 | Sewer    | Entered a sewer
  4954 | D:5      | Reached skill level 7 in Long Blades
  4954 | D:5      | Gained mutation: You are partially covered in slimy green
                  | scales. (AC +2) [demonic ancestry]
  4954 | D:5      | Reached XP level 8. HP: 52/61 MP: 8/8
  4965 | D:5      | Was placed under penance by Trog
  4970 | D:5      | Learned a level 4 spell: Summon Ice Beast
  5282 | D:5      | Reached skill level 5 in Fighting
  5620 | D:6      | Reached skill level 1 in Stealth
  5760 | D:6      | Was forgiven by Trog
  5761 | D:6      | Reached skill level 8 in Long Blades
  5952 | D:6      | Found a staircase to the Ecumenical Temple.
  6186 | D:6      | Reached skill level 5 in Armour
  6578 | D:7      | Gained mutation: You have a tail ending in a sharp stinger.
                  | [demonic ancestry]
  6578 | D:7      | Reached XP level 9. HP: 67/68 MP: 9/9
  6618 | D:7      | Found an ancient bone altar of Kikubaaqudgha.
  6647 | D:7      | HP: 3/69 [poisoned by a killer bee]
  6647 | D:7      | Slain by a killer bee

Illustrated notes

Levels and vault maps discovered:
D:1:      roderic_dead_forest, layout_basic, serial_shops, shop
D:2:      layout_loops_cross, roderic_serpentine_path
D:3:      layout_rooms
D:4:      layout_gridville, enter_ossuary_3
D:5:      layout_loops_corners, lemuel_coloured_pillars_altar,
          portal_sewer_entry_d, uniq_eustachio
D:6:      layout_cave_pods, minmay_temple_entry_stoned_glass
D:7:      layout_rooms, kennysheep_little_box, kennysheep_cluttered_room,
          serial_bayou_pond_a, eino_jars

Skill      XL: |  1  2  3  4  5  6  7  8 |
---------------+-------------------------+-----
Long Blades    | 3 4 5 7 8 |  8.7
Armour         | 2 3 5 |  5.1
Dodging        | 2 3 |  3.0
Fighting       | 4 5 |  5.6
Stealth        | 1 |  1.0

Action                     |  1- 3 |  4- 6 |  7- 9 || total
---------------------------+-------+-------+-------++-------
  Melee: Falchion          |   119 |   177 |       ||   296
         Punch             |     1 |     2 |     4 ||     7
         Tailslap          |       |    33 |    23 ||    56
         Scimitar          |       |    59 |   227 ||   286
 Armour: Animal skin       |    19 |       |       ||    19
         Leather armour    |    15 |     1 |       ||    16
         Chain mail        |       |   123 |   158 ||   281
  Dodge: Dodged            |    61 |   100 |   141 ||   302

Table legend: (Time is in decaauts)
 A = Elapsed time spent in this place.
 B = Non-inter-level travel time spent in this place.
 C = Inter-level travel time spent in this place.
 D = Time resting spent in this place.
 E = Time spent auto-exploring this place.
 F = Levels seen in this place.
 G = Mean time per level.
                   A        B        C        D        E       F      G
               +--------+--------+--------+--------+--------+-----+--------+
         Total |   6759 |   6759 |      0 |    200 |      0 |   9 |  751.0 |
       Dungeon |   5892 |   5892 |      0 |    200 |      0 |   7 |  841.7 |
         Sewer |    377 |    377 |      0 |      0 |      0 |   1 |  377.0 |
       Ossuary |    490 |    490 |      0 |      0 |      0 |   1 |  490.0 |
               +--------+--------+--------+--------+--------+-----+--------+

Top non-repeatable levels by time:
     D:2: 1243 daAuts
     D:5: 1191 daAuts
     D:4: 1085 daAuts
     D:6: 1020 daAuts
     D:1: 779 daAuts
     D:3: 497 daAuts
 Ossuary: 490 daAuts
   Sewer: 377 daAuts
     D:7: 75 daAuts
